TOP OF THE 1ST |
Toronto Blue Jays batting - Pitching for Baltimore Orioles : RHP Danny Cox
|
Pitching: RHP Danny Cox
|
|
Batting: SHB Harold Reynolds
|
0-0: Called Strike 0-1: Ball 1-1: Swinging Strike 1-2: Ground out 6-3 (Groundball, 6M, EV 88.1 MPH)
|
Batting: LHB Eddie Milner
|
0-0: Ball 1-0: Ball 2-0: Ball 3-0: Base on Balls
|
Batting: LHB Chad Daley
|
0-0: Ball Eddie Milner steals 2nd base 1-0: Swinging Strike 1-1: Foul Ball, location: 2F 1-2: DOUBLE (Line Drive, 7LM, EV 89.4 MPH) Eddie Milner scores
|
Batting: RHB Andres Galarraga
|
0-0: Ball 1-0: Foul Ball, location: 2F 1-1: Swinging Strike 1-2: Strikes out swinging
|
Batting: RHB Jose Gonzalez
|
0-0: Ball 1-0: Fly out, F8 (Line Drive, 8LM, EV 92.5 MPH)
|
Top of the 1st over - 1 run, 1 hit, 0 errors, 1 left on base; Toronto 1 - Baltimore 0 |
BOTTOM OF THE 1ST |
Baltimore Orioles batting - Pitching for Toronto Blue Jays : LHP Thomas Boyd
|
Pitching: LHP Thomas Boyd
|
|
Batting: SHB Willie McGee
|
0-0: Ball 1-0: Called Strike 1-1: Called Strike 1-2: Foul Ball, location: 2F 1-2: Ball 2-2: Strikes out swinging
|
Batting: SHB Johnny Ray
|
0-0: Swinging Strike 0-1: Foul Ball, location: 2F 0-2: Ball 1-2: Ball 2-2: Ball 3-2: Strikes out swinging, 2-3 out at first.
|
Batting: SHB Steve R Ontiveros
|
0-0: Ball 1-0: Ball 2-0: Ball 3-0: Base on Balls
|
Batting: RHB Dwight Evans
|
0-0: Foul Ball, location: 2F 0-1: Ball 1-1: Foul Ball, location: 2F 1-2: Ball 2-2: Fly out, F8 (Flyball, 8RM, EV 88.8 MPH)
|
Bottom of the 1st over - 0 runs, 0 hits, 0 errors, 1 left on base; Toronto 1 - Baltimore 0 |
TOP OF THE 2ND |
Toronto Blue Jays batting - Pitching for Baltimore Orioles : RHP Danny Cox
|
Batting: LHB Steve Stroughter
|
0-0: Called Strike 0-1: Ball 1-1: SINGLE (Line Drive, 4D, EV 95.0 MPH)
|
Batting: SHB Ron Roenicke
|
0-0: Ball 1-0: Ground out 4-3 (Groundball, 4S, EV 65.6 MPH) Steve Stroughter to second
|
Batting: RHB Cal Ripken
|
0-0: Foul Ball, location: 2F 0-1: Ball 1-1: Ball 2-1: Ball 3-1: Ground out 6-3 (Groundball, 56, EV 101.3 MPH)
|
Batting: RHB Jose Carrillo
|
0-0: Foul Ball, location: 2F 0-1: Ball 1-1: Ball 2-1: Ball 3-1: Called Strike 3-2: Fly out, F8 (Flyball, 78M, EV 86.3 MPH)
|
Top of the 2nd over - 0 runs, 1 hit, 0 errors, 1 left on base; Toronto 1 - Baltimore 0 |
BOTTOM OF THE 2ND |
Baltimore Orioles batting - Pitching for Toronto Blue Jays : LHP Thomas Boyd
|
Batting: SHB Mike Hart
|
0-0: Ball 1-0: Swinging Strike 1-1: Ball 2-1: Reached on error, E1 (Groundball, 15S, EV 72.5 MPH)
|
Batting: RHB Matt Rice
|
0-0: Called Strike 0-1: Called Strike 0-2: Grounds into double play, 6-4-3 (Groundball, 6, EV 85.6 MPH)
|
Batting: RHB Mark Brouhard
|
0-0: Called Strike 0-1: Ball 1-1: Foul Ball, location: 2F 1-2: Foul Ball, location: 2F 1-2: Foul Ball, location: 2F 1-2: Ball 2-2: Ground out U3 (Groundball, 23, EV 88.1 MPH)
|
Bottom of the 2nd over - 0 runs, 0 hits, 1 error, 0 left on base; Toronto 1 - Baltimore 0 |
TOP OF THE 3RD |
Toronto Blue Jays batting - Pitching for Baltimore Orioles : RHP Danny Cox
|
Batting: SHB Harold Reynolds
|
0-0: Foul Ball, location: 2F 0-1: Ground out 4-3 (Groundball, 34D, EV 97.5 MPH)
|
Batting: LHB Eddie Milner
|
0-0: Called Strike 0-1: SINGLE (Line Drive, 78M, EV 88.1 MPH)
|
Batting: LHB Chad Daley
|
0-0: Ball Eddie Milner steals 2nd base 1-0: Ball 2-0: Swinging Strike 2-1: Foul Ball, location: 2F 2-2: 2-RUN HOME RUN (Flyball, 9D, EV 98.1 MPH), Distance : 390 ft
|
Batting: RHB Andres Galarraga
|
0-0: Swinging Strike 0-1: Called Strike 0-2: Ball 1-2: Ball 2-2: Strikes out swinging passed ball, reaches first!
|
Batting: RHB Jose Gonzalez
|
0-0: Called Strike 0-1: Ball 1-1: Ball 2-1: Fly out, F6 (Flyball, 56D, EV 73.8 MPH)
|
Batting: LHB Steve Stroughter
|
0-0: Ball Andres Galarraga steals 2nd base 1-0: Foul Ball, location: 2F 1-1: Ball 2-1: Foul Ball, location: 2F 2-2: Ground out 4-3 (Groundball, 4M, EV 79.4 MPH)
|
Top of the 3rd over - 2 runs, 2 hits, 0 errors, 1 left on base; Toronto 3 - Baltimore 0 |
BOTTOM OF THE 3RD |
Baltimore Orioles batting - Pitching for Toronto Blue Jays : LHP Thomas Boyd
|
Batting: RHB Dennis Werth
|
0-0: Called Strike 0-1: Ball 1-1: Called Strike 1-2: Ball 2-2: Fly out, F8 (Line Drive, 8RM, EV 93.8 MPH)
|
Batting: RHB Marty G Barrett
|
0-0: Ground out 6-3 (Groundball, 6, EV 108.8 MPH)
|
Batting: SHB Willie McGee
|
0-0: Ball 1-0: Ball 2-0: Foul Ball, location: 2F 2-1: Fly out, F8 (Flyball, 8RM, EV 91.9 MPH)
|
Bottom of the 3rd over - 0 runs, 0 hits, 0 errors, 0 left on base; Toronto 3 - Baltimore 0 |
TOP OF THE 4TH |
Toronto Blue Jays batting - Pitching for Baltimore Orioles : RHP Danny Cox
|
Batting: SHB Ron Roenicke
|
0-0: Called Strike 0-1: Ball 1-1: Foul Ball, location: 2F 1-2: Ball 2-2: Foul Ball, location: 2F 2-2: Ball 3-2: Strikes out swinging
|
Batting: RHB Cal Ripken
|
0-0: Foul Ball, location: 2F 0-1: Ball 1-1: Swinging Strike 1-2: Ground out 4-3 (Groundball, 4M, EV 84.4 MPH)
|
Batting: RHB Jose Carrillo
|
0-0: Called Strike 0-1: Called Strike 0-2: Strikes out swinging
|
Top of the 4th over - 0 runs, 0 hits, 0 errors, 0 left on base; Toronto 3 - Baltimore 0 |
BOTTOM OF THE 4TH |
Baltimore Orioles batting - Pitching for Toronto Blue Jays : LHP Thomas Boyd
|
Batting: SHB Johnny Ray
|
0-0: Ball 1-0: Foul Ball, location: 2F 1-1: Ball 2-1: Foul Ball, location: 2F 2-2: DOUBLE (Line Drive, 78D, EV 106.9 MPH)
|
Batting: SHB Steve R Ontiveros
|
0-0: Ball 1-0: Ball 2-0: Ball 3-0: Base on Balls
|
Batting: RHB Dwight Evans
|
0-0: Called Strike 0-1: Ball 1-1: Foul Ball, location: 2F 1-2: Strikes out looking
|
Batting: SHB Mike Hart
|
0-0: Fly out, F9 (Flyball, 9D, EV 102.5 MPH) Runner from 2nd tags up, SAFE at 3rd, no throw by RF
|
Batting: RHB Matt Rice
|
0-0: Ball 1-0: Ball 2-0: Ball 3-0: Base on Balls Steve R Ontiveros to second
|
Batting: RHB Mark Brouhard
|
0-0: Ball 1-0: Fly out, F8 (Flyball, 89D, EV 106.3 MPH)
|
Bottom of the 4th over - 0 runs, 1 hit, 0 errors, 3 left on base; Toronto 3 - Baltimore 0 |
TOP OF THE 5TH |
Toronto Blue Jays batting - Pitching for Baltimore Orioles : RHP Danny Cox
|
Batting: SHB Harold Reynolds
|
0-0: Foul Ball, location: 2F 0-1: Ball 1-1: SINGLE (Groundball, 4MD, EV 100.0 MPH)
|
Batting: LHB Eddie Milner
|
0-0: Bunt missed! 0-1: Ball 1-1: Ball 2-1: Sac Bunt to 23 - play at first, batter OUT! 3-4 Harold Reynolds to second
|
Batting: LHB Chad Daley
|
0-0: Ball 1-0: Called Strike 1-1: Foul Ball, location: 2F 1-2: Ball 2-2: Foul Ball, location: 2F 2-2: Foul Ball, location: 2F 2-2: Ground out 6-3 (Groundball, 6M, EV 83.1 MPH) Harold Reynolds to third
|
Batting: RHB Andres Galarraga
|
0-0: Ball 1-0: Called Strike 1-1: Fly out, F9 (Flyball, 9S, EV 93.1 MPH)
|
Top of the 5th over - 0 runs, 1 hit, 0 errors, 1 left on base; Toronto 3 - Baltimore 0 |
BOTTOM OF THE 5TH |
Baltimore Orioles batting - Pitching for Toronto Blue Jays : LHP Thomas Boyd
|
Batting: RHB Dennis Werth
|
0-0: Called Strike 0-1: Ball 1-1: Foul Ball, location: 2F 1-2: SINGLE (Groundball, 34D, EV 98.8 MPH)
|
Batting: RHB Marty G Barrett
|
0-0: Ball 1-0: Bunted foul 1-1: Sac Bunt to P - play at first, batter safe! Dennis Werth to second
|
Batting: SHB Willie McGee
|
0-0: Called Strike 0-1: Bunt missed! 0-2: Ball 1-2: Ball 2-2: Foul Ball, location: 2F 2-2: Strikes out swinging
|
Batting: SHB Johnny Ray
|
0-0: Called Strike 0-1: Ball 1-1: Ball Dennis Werth is caught stealing 3rd base 2-5 Marty G Barrett to second 2-1: Swinging Strike 2-2: Strikes out swinging
|
Bottom of the 5th over - 0 runs, 2 hits, 0 errors, 1 left on base; Toronto 3 - Baltimore 0 |
TOP OF THE 6TH |
Toronto Blue Jays batting - Pitching for Baltimore Orioles : RHP Danny Cox
|
Batting: RHB Jose Gonzalez
|
0-0: Ball 1-0: Ground out 4-3 (Groundball, 4, EV 83.8 MPH)
|
Batting: LHB Steve Stroughter
|
0-0: Ball 1-0: Fly out, F8 (Line Drive, 8LM, EV 86.3 MPH)
|
Batting: SHB Ron Roenicke
|
0-0: Swinging Strike 0-1: Called Strike 0-2: Strikes out swinging
|
Top of the 6th over - 0 runs, 0 hits, 0 errors, 0 left on base; Toronto 3 - Baltimore 0 |
BOTTOM OF THE 6TH |
Baltimore Orioles batting - Pitching for Toronto Blue Jays : LHP Thomas Boyd
|
Batting: SHB Steve R Ontiveros
|
0-0: Ball 1-0: Foul Ball, location: 2F 1-1: Ball 2-1: Ball 3-1: Base on Balls
|
Batting: RHB Dwight Evans
|
0-0: Foul Ball, location: 2F 0-1: Ball 1-1: Ball 2-1: Ball 3-1: Foul Ball, location: 2F 3-2: Base on Balls Steve R Ontiveros to second
|
Batting: SHB Mike Hart
|
0-0: Called Strike 0-1: Foul Ball, location: 2F 0-2: Foul Ball, location: 2F 0-2: Ball 1-2: Foul Ball, location: 2F 1-2: Ball 2-2: Fly out, F8 (Flyball, 8RXD, EV 91.9 MPH) Runner from 2nd tags up, SAFE at 3rd, no throw by CF
|
Batting: RHB Matt Rice
|
0-0: Ball 1-0: Ball Wild Pitch! Steve R Ontiveros scores Dwight Evans to second 2-0: Ball 3-0: Called Strike 3-1: Base on Balls
|
Batting: RHB Mark Brouhard
|
0-0: Fly out, F8 (Flyball, 8LS, EV 80.6 MPH)
|
Batting: RHB Dennis Werth
|
0-0: Called Strike 0-1: Swinging Strike 0-2: Ball 1-2: Fly out, F4 (Popup, 23, EV 88.1 MPH)
|
Bottom of the 6th over - 1 run, 0 hits, 0 errors, 2 left on base; Toronto 3 - Baltimore 1 |
TOP OF THE 7TH |
Toronto Blue Jays batting - Pitching for Baltimore Orioles : RHP Danny Cox
|
Batting: RHB Cal Ripken
|
0-0: Ball 1-0: Ball 2-0: Called Strike 2-1: Ball 3-1: Base on Balls
|
Pitching: RHP Oscar Silva
|
|
Batting: RHB Jose Carrillo
|
0-0: Grounds into double play, 4-6-3 (Groundball, 34, EV 84.4 MPH)
|
Batting: SHB Harold Reynolds
|
0-0: Called Strike 0-1: Foul Ball, location: 2F 0-2: Strikes out looking
|
Top of the 7th over - 0 runs, 0 hits, 0 errors, 0 left on base; Toronto 3 - Baltimore 1 |
BOTTOM OF THE 7TH |
Baltimore Orioles batting - Pitching for Toronto Blue Jays : LHP Thomas Boyd
|
Batting: RHB Marty G Barrett
|
0-0: Ground out 5-3 (Groundball, 56, EV 88.1 MPH)
|
Batting: SHB Willie McGee
|
0-0: Called Strike 0-1: Foul Ball, location: 2F 0-2: Ball 1-2: Fly out, F7 (Line Drive, 7, EV 88.8 MPH)
|
Batting: SHB Johnny Ray
|
0-0: Swinging Strike 0-1: Ball 1-1: Ball 2-1: Called Strike 2-2: Ball 3-2: SINGLE (Line Drive, 78M, EV 107.5 MPH)
|
Batting: SHB Steve R Ontiveros
|
0-0: Called Strike 0-1: Foul Ball, location: 2F 0-2: Ball 1-2: Foul Ball, location: 2F 1-2: Fly out, F8 (Flyball, 8LXD, EV 96.9 MPH)
|
Bottom of the 7th over - 0 runs, 1 hit, 0 errors, 1 left on base; Toronto 3 - Baltimore 1 |
TOP OF THE 8TH |
Toronto Blue Jays batting - Pitching for Baltimore Orioles : RHP Oscar Silva
|
Batting: LHB Eddie Milner
|
0-0: Called Strike 0-1: Swinging Strike 0-2: Ground out 4-3 (Groundball, 4M, EV 90.0 MPH)
|
Batting: LHB Chad Daley
|
0-0: Ball 1-0: Ball 2-0: Ball 3-0: Base on Balls
|
Batting: RHB Andres Galarraga
|
0-0: Fly out, F8 (Flyball, 8LD, EV 93.8 MPH)
|
Batting: RHB Jose Gonzalez
|
0-0: Ball 1-0: Ground out 4-3 (Groundball, 4, EV 81.9 MPH)
|
Top of the 8th over - 0 runs, 0 hits, 0 errors, 1 left on base; Toronto 3 - Baltimore 1 |
BOTTOM OF THE 8TH |
Baltimore Orioles batting - Pitching for Toronto Blue Jays : LHP Thomas Boyd
|
Batting: RHB Dwight Evans
|
0-0: Ball 1-0: SINGLE (Line Drive, 8LS, EV 109.4 MPH)
|
Batting: SHB Mike Hart
|
0-0: Ball 1-0: Ball 2-0: Called Strike 2-1: Foul Ball, location: 2F 2-2: Strikes out looking
|
Batting: RHB Matt Rice
|
0-0: Called Strike 0-1: Fly out, F7 (Flyball, 7D, EV 94.4 MPH)
|
Batting: RHB Mark Brouhard
|
0-0: Ball 1-0: Called Strike 1-1: Ground out 1-3 (Groundball, 15S, EV 73.8 MPH)
|
Bottom of the 8th over - 0 runs, 1 hit, 0 errors, 1 left on base; Toronto 3 - Baltimore 1 |
TOP OF THE 9TH |
Toronto Blue Jays batting - Pitching for Baltimore Orioles : RHP Oscar Silva
|
Batting: LHB Steve Stroughter
|
0-0: Ball 1-0: Called Strike 1-1: Called Strike 1-2: Strikes out swinging
|
Batting: SHB Ron Roenicke
|
0-0: Foul Ball, location: 2F 0-1: DOUBLE (Flyball, 89XD, EV 100.0 MPH)
|
Pinch Runner at 2nd Amos Otis:
|
|
Batting: RHB Cal Ripken
|
0-0: Intentional Walk
|
Batting: RHB Jose Carrillo
|
0-0: Called Strike 0-1: Ball 1-1: Ball 2-1: Foul Ball, location: 2F 2-2: Ball 3-2: Foul Ball, location: 2F 3-2: Foul Ball, location: 2F 3-2: Fly out, F8 (Flyball, 8RS, EV 86.9 MPH)
|
Batting: SHB Harold Reynolds
|
0-0: Ground out U3 (Groundball, 3, EV 100.6 MPH)
|
Top of the 9th over - 0 runs, 1 hit, 0 errors, 2 left on base; Toronto 3 - Baltimore 1 |
BOTTOM OF THE 9TH |
Baltimore Orioles batting - Pitching for Toronto Blue Jays : LHP Thomas Boyd
|
Pitching: RHP Juan Gutierrez
|
|
Now at 1B: Amos Otis
|
|
Now at 2B: Chris Speier
|
|
Batting: RHB Dennis Werth
|
0-0: Ball 1-0: Called Strike 1-1: Ball 2-1: Called Strike 2-2: Ball 3-2: Base on Balls
|
Batting: RHB Marty G Barrett
|
0-0: Ball 1-0: Ball 2-0: Fly out, F8 (Flyball, 8RD, EV 100.0 MPH)
|
Batting: SHB Willie McGee
|
0-0: Ball 1-0: SINGLE (Line Drive, 9LS, EV 108.1 MPH) Dennis Werth to second
|
Batting: SHB Johnny Ray
|
0-0: Called Strike 0-1: Swinging Strike 0-2: Ball 1-2: Foul Ball, location: 2F 1-2: Ball 2-2: Ground out 4-3 (Groundball, 4MD, EV 81.9 MPH) Dennis Werth to third Willie McGee to second
|
Batting: SHB Steve R Ontiveros
|
0-0: SINGLE (Groundball, 34D, EV 103.1 MPH) Dennis Werth scores Willie McGee to third Runner from 3rd tries for Home, SAFE, throw by RF to home Steve R Ontiveros to second
|
Batting: RHB Dwight Evans
|
0-0: Called Strike 0-1: Foul Ball, location: 2F 0-2: Strikes out swinging
|
Bottom of the 9th over - 2 runs, 2 hits, 0 errors, 1 left on base; Toronto 3 - Baltimore 3 |
TOP OF THE 10TH |
Toronto Blue Jays batting - Pitching for Baltimore Orioles : RHP Oscar Silva
|
Pitching: LHP Dave LaRoche
|
|
Batting: LHB Eddie Milner
|
0-0: Ball 1-0: Ball 2-0: Swinging Strike 2-1: SINGLE (Groundball, 4M, EV 80.6 MPH) (infield hit)
|
Batting: LHB Chad Daley
|
0-0: Ball 1-0: SINGLE (Line Drive, 4M, EV 106.9 MPH) Eddie Milner to second
|
Batting: RHB Andres Galarraga
|
0-0: Ball 1-0: Ball 2-0: Swinging Strike 2-1: SINGLE (Groundball, 34D, EV 95.0 MPH) Eddie Milner to third Chad Daley to second Runner from 3rd tries for Home, SAFE, throw by RF to home
|
Batting: RHB Jose Gonzalez
|
0-0: Ball 1-0: Fly out, F9 (Flyball, 9LM, EV 96.3 MPH)
|
Batting: LHB Steve Stroughter
|
0-0: Called Strike 0-1: Ball 1-1: Foul Ball, location: 2F 1-2: Foul Ball, location: 2F 1-2: Fly out, F2 (Popup, 13S, EV 83.8 MPH)
|
Batting: RHB Amos Otis
|
0-0: Ball 1-0: DOUBLE (Line Drive, 9LS, EV 100.0 MPH) Chad Daley scores Andres Galarraga to third Runner from 3rd tries for Home, SAFE, throw by RF to home
|
Batting: RHB Cal Ripken
|
0-0: Swinging Strike 0-1: Foul Ball, location: 2F 0-2: Ball 1-2: Strikes out looking
|
Top of the 10th over - 3 runs, 4 hits, 0 errors, 1 left on base; Toronto 6 - Baltimore 3 |
BOTTOM OF THE 10TH |
Baltimore Orioles batting - Pitching for Toronto Blue Jays : RHP Juan Gutierrez
|
Pitching: RHP Bill Caudill
|
|
Batting: SHB Mike Hart
|
0-0: Called Strike 0-1: Ball 1-1: Called Strike 1-2: Strikes out looking
|
Batting: RHB Matt Rice
|
0-0: Called Strike 0-1: Ball 1-1: Fly out, F8 (Flyball, 89XD, EV 101.3 MPH)
|
Batting: RHB Mark Brouhard
|
0-0: Called Strike 0-1: Ball 1-1: Ball 2-1: Fly out, F4 (Popup, 4, EV 62.5 MPH)
|
Bottom of the 10th over - 0 runs, 0 hits, 0 errors, 0 left on base; Toronto 6 - Baltimore 3 |
|